 Dungeon Crawl Stone Soup version 0.32-a0-630-g46d191b0ed (webtiles) character file.

Game seed: 11325218198828779693

39 pascalblue the Grave Robber (level 3, -4/19 HPs)
             Began as a Deep Elf Necromancer on Mar 6, 2024.
             Killed from afar by a white imp (10 damage)
             ... with a puff of frost
             ... on level 3 of the Dungeon.
             The game lasted 00:03:44 (1241 turns).

pascalblue the Grave Robber (Deep Elf Necromancer)  Turns: 1241, Time: 00:03:44

Health: -4/19      AC:  2    Str:  5    XL:     3   Next: 28%
Magic:  8/10       EV: 13    Int: 21    God:
Gold:   44         SH:  0    Dex: 15    Spells: 6/9 levels left

rFire   . . .        c - +0 dagger
rCold   . . .        (no shield)
rNeg    . . .        a - +0 robe
rPois   .            (no helmet)
rElec   .            (no cloak)
rCorr   .            (no gloves)
SInv    .            (no boots)
Will    .....        (no amulet)
Stlth   ++           (no ring)
HPRegen 0.23/turn    (no ring)
MPRegen 0.12/turn

%: no passive effects
@: no status effects
A: no striking features
a: Convert to Beogh


You were on level 3 of the Dungeon.
You visited 1 branch of the dungeon, and saw 3 of its levels.

You collected 44 gold pieces.

Inventory:

Hand Weapons
 c - a +0 dagger (weapon)
Armour
 a - a +0 robe (worn)
Wands
 i - a wand of paralysis (6)
Scrolls
 e - a scroll of enchant weapon {unknown}
 f - 2 scrolls of teleportation {unknown}
 g - 2 scrolls of enchant armour {unknown}
 h - a scroll of poison {unknown}
 k - a scroll of identify {unknown}
Potions
 b - a potion of magic
 d - 2 potions of mutation {unknown}
 j - a potion of curing {unknown}


   Skills:
 - Level 3.0 Dodging
 - Level 2.4 Stealth
 + Level 3.5 Spellcasting
 + Level 0.7 Conjurations
 * Level 5.4 Necromancy
 + Level 0.5 Air Magic


You had 6 spell levels left.
You knew the following spells:

 Your Spells              Type           Power      Damage    Failure   Level
a - Necrotise             Necr           100%       1d9       1%          1
b - Static Discharge      Conj/Air       12%        3-4/arc   14%         2

Your spell library contained the following spells:

 Spells                   Type           Power      Damage    Failure   Level
 Vampiric Draining        Necr           26%        2d7       4%          3
 Animate Dead             Necr           26%        N/A       13%         4
 Curse of Agony           Necr           26%        N/A       36%         5
 Airstrike                Air            3%         2d(1-17)  69%         4
 Summon Lightning Spire   Summ/Air       4%         N/A       75%         4


Dungeon Overview and Level Annotations

Branches:
Dungeon (3/15)

Altars:


Message History

Things that are here:
a +0 dagger; a +0 chain mail
Things that are here:
a +0 dagger; 3 boomerangs A white imp comes into view.
An orc priest comes into view. It is wielding a +0 short sword.
The white imp shouts!
You hear a shout! 2 orcs come into view.
Found a heavily runed robe.
An orc comes into view. It is wielding a +0 dagger.
The orc moves out of view.
Casting: Necrotise (safe; 1% risk of failure)
Confirm with . or Enter, or press ? or * to list all spells.
You can't see any susceptible monsters within range! (Use Z to cast anyway.) Unknown command.
The orc shouts!
The white imp attacks as it pursues you!
The white imp misses you.
The white imp attacks as it pursues you!
The white imp hits you. The white imp freezes you.
The orc priest shouts, "Beogh offers mercy even to people such as you.
Join us and be reborn!" (press Y on the ability menu to convert to Beogh)
Casting: Necrotise (safe; 1% risk of failure)
Confirm with . or Enter, or press ? or * to list all spells.
You can't see any susceptible monsters within range! (Use Z to cast anyway.)
Casting: Necrotise (safe; 1% risk of failure)
Confirm with . or Enter, or press ? or * to list all spells.
You can't see any susceptible monsters within range! (Use Z to cast anyway.)
Casting: Necrotise (safe; 1% risk of failure)
Confirm with . or Enter, or press ? or * to list all spells.
The white imp is struck by an arc of lightning.
The white imp is moderately wounded.
You are struck by an arc of lightning.
The white imp is struck by an arc of lightning.
The white imp is heavily wounded.
You are struck by an arc of lightning.
The lightning grounds out.
The white imp gestures at you. The puff of frost hits you!
Ouch! That really hurt!
You die...

## #.####..# # #.# #..# #
#.####..# ## ... ##
#.#.....# .. .o. .##
#.#.##.## .# ...
).###.#.##.# .#...
...##......# .#.##
....###....##########....###
....'...........@5.o.o......
....###))).######.........#
...## #)#.## #.###.#.#.#
..## #.### #.# ..# .##
#.####### #.# ..# ##
#.#.....# #.. .[. #
#.#.###.# ### .### #
#.....#.# .# ## ###.#.#.# .#


You could see an orc priest, a white imp and an orc.

Vanquished Creatures
  An adder (D:3)
  A dart slug (D:3)
  6 orcs (D:3)
  2 endoplasms
  2 goblins (D:3)
  2 hobgoblins (D:2)
  2 ball pythons (D:2)
  2 bats (D:3)
  2 frilled lizards
  2 rats
22 creatures vanquished.

Vanquished Creatures (collateral kills)
  A giant cockroach (D:2)
1 creature vanquished.

Grand Total: 23 creatures vanquished

Notes
Turn   | Place    | Note
-------+----------+-------------------------------------------
     0 | D:1      | pascalblue the Deep Elf Necromancer began the quest for the
                  | Orb.
     0 | D:1      | Reached XP level 1. HP: 10/10 MP: 6/6
    60 | D:1      | You fall into a shaft and drop 1 floor!
    78 | D:2      | Reached skill level 5 in Necromancy
   431 | D:2      | Reached XP level 2. HP: 14/15 MP: 5/8
   833 | D:3      | Learned a level 2 spell: Static Discharge
  1042 | D:3      | Reached XP level 3. HP: 9/19 MP: 5/9
  1241 | D:3      | Killed from afar by a white imp

Illustrated notes

Levels and vault maps discovered:
D:1:      reono_arrival_forest_river, layout_basic, dreamdust_mushroom_princess,
          minmay_bisected
D:2:      wander_river, layout_rooms
D:3:      layout_loops_corners

Skill      XL: |  1  2  3 |
---------------+----------+-----
Necromancy     | 5 |  5.4
Dodging        | 3 |  3.0
Stealth        | |  2.4
Spellcasting   | |  3.5
Conjurations   | |  0.7
Air Magic      | |  0.5

Action                     || total
---------------------------++-------
  Melee: Dagger            ||     1
   Cast: Necrotise         ||    38
         Static Discharge  ||     1
 Armour: Robe              ||    10
  Dodge: Dodged            ||     7

Table legend: (Time is in decaauts)
 A = Elapsed time spent in this place.
 B = Non-inter-level travel time spent in this place.
 C = Inter-level travel time spent in this place.
 D = Time resting spent in this place.
 E = Time spent auto-exploring this place.
 F = Levels seen in this place.
 G = Mean time per level.
                   A        B        C        D        E       F      G
               +--------+--------+--------+--------+--------+-----+--------+
         Total |   1264 |   1239 |     25 |      0 |   1079 |   3 |  421.3 |
       Dungeon |   1264 |   1239 |     25 |      0 |   1079 |   3 |  421.3 |
               +--------+--------+--------+--------+--------+-----+--------+

Top non-repeatable levels by time:
     D:3: 605 daAuts
     D:2: 595 daAuts
     D:1: 62 daAuts
